 Dungeon Crawl Stone Soup version 0.22-a0-305-gd21a89c (webtiles) character file.

4571 seren the Cleaver (level 10, -1/110 HPs)
             Began as an Ogre Berserker on Mar 31, 2018.
             Was an Elder of Trog.
             Slain by a wolf spider zombie (6 damage)
             ... on level 9 of the Dungeon.
             The game lasted 00:30:26 (8087 turns).

seren the Cleaver (Ogre Berserker)                  Turns: 8087, Time: 00:30:27

Health: -1/110     AC:  7    Str: 26    XL:     10   Next: 41%
Magic:  13/13      EV: 12    Int:  8    God:    Trog [****..]
Gold:   246        SH:  0    Dex: 15    Spells: 9/9 levels left

rFire    + . .     SeeInvis .   a - +0 hand axe
rCold    . . .     Gourm    .   (no shield)
rNeg     . . .     Faith    .   n - +4 robe "Teedobbi" {Str+3 Dex+4}
rPois    .         Spirit   .   (helmet restricted)
rElec    .         Reflect  .   (no cloak)
rCorr    +         Harm     .   (gloves unavailable)
MR       +....                  (boots unavailable)
Stlth    +.........             m - amulet of regeneration
HPRegen  0.68/turn              s - ring of protection from fire
MPRegen  0.13/turn              w - ring of resist corrosion

@: berserk cooldown, hasted and slowed
A: large, unfitting armour, tough skin 1
a: Berserk, Trog's Hand, Brothers in Arms, Renounce Religion


You were on level 9 of the Dungeon.
You worshipped Trog.
Trog was greatly pleased with you.
You were very hungry.

You visited 2 branches of the dungeon, and saw 10 of its levels.

You collected 351 gold pieces.
You spent 105 gold pieces at shops.

Inventory:

Hand Weapons
 a - a +0 hand axe (weapon)
 b - a +0 hunting sling
 h - a +0 club
Missiles
 f - 316 stones (quivered)
 D - a throwing net
Armour
 n - the +4 robe "Teedobbi" (worn) {Str+3 Dex+4}
   (You found it on level 6 of the Dungeon)

   It affects your strength (+3).
   It affects your dexterity (+4).
 q - a +0 animal skin
Jewellery
 g - a +5 amulet of reflection
 m - an amulet of regeneration (around neck)
 s - a ring of protection from fire (left hand)
 w - a ring of resist corrosion (right hand)
Wands
 C - a wand of acid (3)
 F - a wand of iceblast (8)
Scrolls
 d - 2 scrolls of remove curse
 e - 2 scrolls of immolation {unknown}
 j - 2 scrolls of teleportation {!r}
 p - 2 scrolls of magic mapping {unknown}
 t - 2 scrolls of fog
 x - a scroll of noise {unknown}
 y - a scroll of blinking {!r}
 z - a scroll of amnesia {unknown}
 B - a scroll of holy word {unknown}
 H - a scroll of enchant weapon {unknown}
Potions
 i - 2 potions of curing
 k - 2 potions of might
 l - 3 potions of resistance
 o - 2 potions of flight
 u - a potion of magic {unknown}
 v - a potion of cancellation
 E - a potion of agility {unknown}
 G - a potion of mutation {unknown}
Comestibles
 c - 14 rations


   Skills:
 - Level 10.0 Fighting
 + Level 11.0 Axes
 - Level 1.0 Throwing
 - Level 5.0 Dodging
 + Level 4.7 Evocations


You had 9 spell levels left.
You didn't know any spells.

Dungeon Overview and Level Annotations

Branches:
Dungeon (9/15)             Temple (1/1) D:4            Lair (0/6) D:8
    Orc: D:9-12

Altars:
Ashenzari
Cheibriados
Dithmenos
Elyvilon
Fedhas
Gozag
Hepliaklqana
Kikubaaqudgha
Makhleb
Nemelex Xobeh
Okawaru
Qazlal
Ru
Sif Muna
Trog
Uskayaw
Vehumet
Wu Jian
Xom
Yredelemnul
Zin
The Shining One

Shops:
D:5 ?*}%[

Annotations:
D:4 ogre, TheNamelessOne's ghost, weakling DsCK
D:5 4 transporters, ring of shadow
D:6 Menkaure
D:7 exclusion: killer bee, Pikel; seren's ghost, novice OgTm


Innate Abilities, Weirdness & Mutations

You are too large for most types of armour.
You have tough skin. (AC +1)


Message History

Trog accepts your kill.
Your Axes skill increases to level 11!
You slash the wolf spider zombie! The wolf spider zombie hits you!
* * * LOW HITPOINT WARNING * * *
The wolf spider zombie bites you.
* * * LOW HITPOINT WARNING * * *
You barely miss the wolf spider zombie.
The wolf spider zombie is severely damaged.
You feel a strong urge to attack something.
You are no longer berserk.
You are exhausted.
You feel yourself slow down. The wolf spider zombie hits you.
* * * LOW HITPOINT WARNING * * *
The wolf spider zombie bites you.
* * * LOW HITPOINT WARNING * * *
You feel yourself speed up. The wolf spider zombie hits you!
* * * LOW HITPOINT WARNING * * *
The wolf spider zombie bites you.
You die...

.. .##.# #.# # #.
.##!# ##.# #.#. .##.#
#..# .#.#. #.# ##.##
.... #.# #..#### ..#
#.######.....#
#.###.##..........
#.##..##......_..#
#@#..#....##.....# #
#ZZ.##.##........#
#.##...##.##.#...####
#....#....##.#####
.............###.#
.###.g######...#.#
#... #...... ....
..##### ..... .##


You could see a wolf spider zombie and a centaur warrior zombie.

Vanquished Creatures
  3 two-headed ogres (D:8)
  A centaur skeleton (D:9)
  A hellwing (D:9)
  A hungry ghost (D:8)
  An orc warrior (D:8)
  An ice beast (D:6)
  A black bear (D:8)
  2 ogres
  6 bullfrogs
  3 scorpions
  The ghost of 4thArraOfDagon the Magician, a weakling DrWz (D:3)
  2 howler monkeys (D:8)
  5 crimson imps
  2 bullfrog zombies
  2 hounds
  2 jellies
  An orc priest (D:5)
  2 iguanas
  An orc wizard (D:7)
  7 worker ants
  A killer bee zombie (D:4)
  3 hound skeletons
  8 adders
  3 gnolls (D:8)
  2 oozes
  3 adder skeletons
  3 dart slugs
  7 leopard geckos
  16 orcs
  6 giant cockroaches
  8 hobgoblins
  16 jackals
  9 kobolds
  3 quokkas
  2 ball pythons
  9 bats
  8 frilled lizards
  4 goblins
  A quokka zombie (D:5)
  9 rats
  A fungus (D:8)
167 creatures vanquished.

Vanquished Creatures (others)
  A fungus (D:8)
  3 withered plants (D:9)
4 creatures vanquished.

Grand Total: 171 creatures vanquished

Notes
Turn   | Place    | Note
-------+----------+-------------------------------------------
     0 | D:1      | seren the Ogre Berserker began the quest for the Orb.
     0 | D:1      | Reached XP level 1. HP: 24/24 MP: 1/1
   191 | D:1      | Reached XP level 2. HP: 27/32 MP: 2/2
   635 | D:1      | Reached XP level 3. HP: 37/40 MP: 3/3
   935 | D:2      | Reached ** piety under Trog
   966 | D:2      | Reached skill level 1 in Throwing
   975 | D:2      | Found a shattered altar of Ashenzari.
  1174 | D:2      | Reached XP level 4. HP: 33/49 MP: 4/4
  1605 | D:2      | Reached skill level 5 in Fighting
  1605 | D:2      | Reached skill level 4 in Axes
  1803 | D:3      | Noticed 4thArraOfDagon's ghost (weakling DrWz)
  1890 | D:3      | Reached *** piety under Trog
  2202 | D:2      | Reached XP level 5. HP: 39/57 MP: 5/5
  2530 | D:3      | Found an ancient bone altar of Kikubaaqudgha.
  2548 | D:3      | Found a snail-covered altar of Cheibriados.
  2774 | D:3      | Killed 4thArraOfDagon's ghost
  2794 | D:3      | Found a stormy altar of Qazlal.
  3350 | D:4      | Noticed an ogre
  3351 | D:4      | Noticed TheNamelessOne's ghost (weakling DsCK)
  3397 | D:4      | Reached skill level 5 in Axes
  3409 | D:4      | Reached XP level 6. HP: 59/66 MP: 6/6
  4227 | D:4      | Found a staircase to the Ecumenical Temple.
  4234 | Temple   | Entered the Ecumenical Temple
  4356 | D:5      | Entered Level 5 of the Dungeon
  4449 | D:5      | Noticed a sky beast
  4451 | D:5      | Found an iron altar of Okawaru.
  4451 | D:5      | Found a transporter.
  4452 | D:5      | Noticed a hungry ghost
  4479 | D:5      | Found a transporter.
  4507 | D:5      | Found Suer's Magic Scroll Boutique.
  4518 | D:5      | Bought a scroll of teleportation for 30 gold pieces
  4518 | D:5      | Bought a scroll of blinking for 75 gold pieces
  4609 | D:5      | Reached XP level 7. HP: 72/72 MP: 7/7
  4612 | D:5      | Found Izxullan's Gadget Boutique.
  4622 | D:5      | Found Ziremedu's Food Shop.
  4654 | D:5      | Found Edemuo Pybb's Armour Emporium.
  4680 | D:5      | Reached skill level 6 in Axes
  4737 | D:5      | Found Ehacoem's Assorted Antiques.
  5039 | D:5      | Found a transporter.
  5040 | D:5      | Noticed a fire bat
  5041 | D:5      | Found the ring of Shadows {Umbra +Inv Stlth+}
  5043 | D:5      | Noticed a fire bat
  5140 | D:5      | Found a transporter.
  5563 | D:6      | Found a glowing golden altar of the Shining One.
  5602 | D:6      | Noticed Menkaure
  5603 | D:6      | Got a silken robe
  5673 | D:5      | Identified the +4 robe "Teedobbi" {Str+3 Dex+4} (You found it on level 6 of the Dungeon)
  5984 | D:6      | Reached XP level 8. HP: 72/84 MP: 8/8
  6032 | D:6      | Reached skill level 7 in Axes
  6059 | D:6      | Found a shadowy altar of Dithmenos.
  6138 | D:6      | Reached skill level 5 in Dodging
  6194 | D:6      | Found a hide-covered altar of Uskayaw.
  6432 | D:7      | Reached **** piety under Trog
  6534 | D:7      | Found an ornate altar of the Wu Jian Council.
  6684 | D:7      | Noticed seren's ghost (novice OgTm)
  7040 | D:8      | Found a bloodstained altar of Trog.
  7063 | D:8      | Reached skill level 8 in Axes
  7063 | D:8      | Reached skill level 1 in Evocations
  7181 | D:8      | Noticed a two-headed ogre
  7198 | D:8      | Killed a two-headed ogre
  7198 | D:8      | Reached skill level 9 in Axes
  7198 | D:8      | Reached XP level 9. HP: 76/97 MP: 9/11
  7376 | D:8      | Noticed a two-headed ogre
  7389 | D:8      | Killed a two-headed ogre
  7389 | D:8      | Reached skill level 10 in Axes
  7434 | D:8      | Noticed a two-headed ogre
  7444 | D:8      | Killed a two-headed ogre
  7444 | D:8      | Reached XP level 10. HP: 109/109 MP: 11/13
  7545 | D:7      | Noticed Pikel
  7582 | D:8      | Found a staircase to the Lair.
  7993 | D:9      | Reached skill level 10 in Fighting
  8034 | D:9      | Found a sacrificial altar of Ru.
  8082 | D:9      | Reached skill level 11 in Axes
  8087 | D:9      | HP: 5/110 [wolf spider zombie (16)]
  8087 | D:9      | Slain by a wolf spider zombie

Vault maps used:
D:1:      dpeg_arrival_arbitrary_b, minmay_domino_4
D:2:      ashenzari_altar_1
D:3:      lemuel_round_altar, amethyst_overflow_temple_binary,
          kennysheep_doodads
D:4:      minmay_temple_entry_overgrown
D:5:      gammafunk_cloud_chamber, gammafunk_temple_overflow_arena,
          serial_shops, shop_scrolls, nicolae_shop_trees, nicolae_shop_trees,
          shop, shop, first_ration
D:6:      kennysheep_mini, kennysheep_mini_moat, nicolae_overflow_crystal_walls,
          serial_curves, eino_curves_03, eino_curves_03,
          minmay_misc_feat_plants, uniq_menkaure
D:7:      overflow_temple_1_default, grunt_ogre_cave, uniq_pikel
D:8:      bloody_trog, grunt_lair_entry_orc_guard_hut
D:9:      cheibrodos_grave_circle, basic_altar
Temple:   dshaligram_water_room_temple

Skill      XL: |  1  2  3  4  5  6  7  8  9 10 |
---------------+-------------------------------+-----
Dodging        | 3 4 5 |  5.0
Throwing       | 1 |  1.0
Fighting       | 5 6 8 9 10 | 10.0
Axes           | 4 5 6 9 10 11 | 11.0
Evocations     | 2 4 |  4.7

Action                   |  1- 3 |  4- 6 |  7- 9 | 10-12 || total
-------------------------+-------+-------+-------+-------++-------
Melee: Hand axe          |   143 |   320 |   322 |    79 ||   864
Invok: Berserk           |       |     6 |     5 |     2 ||    13
  Use: Scroll            |       |     6 |     4 |     1 ||    11
       Potion            |       |       |       |     1 ||     1
 Stab: Sleeping          |       |       |     1 |       ||     1
  Eat: Chunk             |     1 |    16 |    14 |     3 ||    34
       Ration            |       |       |     1 |       ||     1
Armor: Animal skin       |    53 |    64 |    16 |       ||   133
       Robe              |       |       |    66 |    22 ||    88
Dodge: Dodged            |    86 |   156 |   124 |    42 ||   408
Block: Other             |    17 |    51 |       |       ||    68
       Reflection        |       |     2 |       |       ||     2

Table legend:
 A = Spawn XP
 B = Non-spawn XP
 C = Spawn XP percentage of total XP
 D = Spawn monster count
 E = Non-spawn monster count
 F = Spawn count percentage of total count
 G = Total turns spent on level
                    A         B        C        D         E        F      G
               +---------+---------+-------+---------+---------+-------+---------
         Total |       0 |    6531 |   0.0 |       0 |     166 |   0.0 |  8087
               +---------+---------+-------+---------+---------+-------+---------
           D:1 |       0 |      39 |   0.0 |       0 |      22 |   0.0 |   870
           D:2 |       0 |     101 |   0.0 |       0 |      34 |   0.0 |  1021
           D:3 |       0 |     145 |   0.0 |       0 |      33 |   0.0 |  1559
           D:4 |       0 |     256 |   0.0 |       0 |      14 |   0.0 |   885
           D:5 |       0 |     294 |   0.0 |       0 |      12 |   0.0 |   985
           D:6 |       0 |     566 |   0.0 |       0 |       9 |   0.0 |   990
           D:7 |       0 |     356 |   0.0 |       0 |      12 |   0.0 |   505
           D:8 |       0 |    3832 |   0.0 |       0 |      24 |   0.0 |  1091
           D:9 |       0 |     942 |   0.0 |       0 |       6 |   0.0 |    90
               +---------+---------+-------+---------+---------+-------+---------
